 Dungeon Crawl Stone Soup version 0.29-a0-1006-g0dd7720b37 (webtiles) character file.

Game seed: 5112424719233609232

3959 drpainis the Cleaver (level 10, -10/88 HPs)
             Began as a Hill Orc Fighter on Aug 6, 2022.
             Was a Priest of Beogh.
             Mangled by an orc knight
             ... wielding a +0 halberd
              (16 damage)
             ... in a bailey.
             The game lasted 00:15:29 (11681 turns).

drpainis the Cleaver (Hill Orc Fighter)            Turns: 11681, Time: 00:15:29

Health: -10/88     AC: 13    Str: 24    XL:     10   Next: 22%
Magic:  10/10      EV:  9    Int:  8    God:    Beogh [***...]
Gold:   542        SH:  5    Dex: 10    Spells: 9/9 levels left

rFire   . . .      SeeInvis .   x - +1 war axe (drain)
rCold   . . .      Faith    .   c - +0 buckler
rNeg    . . .      Spirit   .   t - +0 chain mail
rPois   +          Reflect  .   (no helmet)
rElec   .          Harm     .   (no cloak)
rCorr   .          Rampage  .   J - +0 pair of gloves
Will    .....                   K - +0 pair of boots
Stlth   ..........              (no amulet)
HPRegen 0.24/turn               r - ring of poison resistance
MPRegen 0.12/turn               (no ring)

@: mighty, hasted, very quick
A: no striking features
a: Renounce Religion, Smiting


You were in a bailey.
You worshipped Beogh.
Beogh was most pleased with you.
You visited 1 branch of the dungeon, and saw 8 of its levels.
You also visited: Sewer and Bailey.

You collected 542 gold pieces.

Inventory:

Hand Weapons
 a - a +0 war axe
 v - a +0 war axe
 x - a +1 war axe of draining (weapon)
 y - a +0 hand axe
Missiles
 n - 2 throwing nets (quivered)
 q - 9 poisoned darts
Armour
 b - a +0 scale mail
 c - a +0 buckler (worn)
 e - a +3 leather armour
 t - a +0 chain mail (worn)
 w - a +3 ring mail
 D - a +0 scale mail of fire resistance
 J - a +0 pair of gloves (worn)
 K - a +0 pair of boots (worn)
Jewellery
 r - a ring of poison resistance (left hand)
 N - an amulet of magic regeneration
Wands
 A - a wand of paralysis (5)
 I - a wand of flame (22)
 O - a wand of polymorph (1)
Scrolls
 d - a scroll of fog {unknown}
 f - a scroll of immolation {unknown}
 g - 2 scrolls of vulnerability
 j - a scroll of magic mapping {unknown}
 o - 3 scrolls of poison
 p - 3 scrolls of teleportation
 s - a scroll of blinking {unknown}
 B - a scroll of torment {unknown}
 E - a scroll of summoning {unknown}
 F - a scroll of fear {unknown}
 G - 2 scrolls of amnesia {unknown}
 H - 2 scrolls of enchant weapon {unknown}
 M - a scroll of silence {unknown}
 P - a scroll of identify
Potions
 h - 3 potions of degeneration
 i - 6 potions of flight
 k - 5 potions of cancellation
 l - a potion of ambrosia {unknown}
 m - 2 potions of curing {unknown}
 u - 4 potions of resistance {unknown}
 z - 2 potions of brilliance {unknown}
 C - 5 potions of attraction {unknown}
 L - a potion of lignification {unknown}
 Q - a potion of haste
 R - a potion of heal wounds {unknown}
 S - a potion of might
 T - a potion of experience


   Skills:
 + Level 8.0 Fighting
 + Level 12.3 Axes
 + Level 8.3 Armour
 + Level 3.0 Dodging
 + Level 1.9 Stealth
 + Level 5.4 Shields
 + Level 0.2 Evocations


You had 9 spell levels left.
You didn't know any spells.
Your spell library was empty.

Dungeon Overview and Level Annotations

Branches:
Dungeon (8/15)             Temple (0/1) D:6           Sewer (visited)
 Bailey (1/1)
   Lair: D:8-11

Altars:
Ashenzari
Nemelex Xobeh
Okawaru
Qazlal
Ru
Uskayaw
Wu Jian
Xom


Message History

The orc warrior hits your orc with a +0 war axe!
Your orc dies!
The orc warrior hits your orc with a +0 war axe.
The orc knight shouts!
You slash the orc warrior! You drain the orc warrior.
The orc warrior is almost dead.
Your orc barely misses the orc warrior.
Your orc closely misses the orc warrior.
You block the orc warrior's attack.
The orc warrior hits your orc with a +0 war axe!
Your orc dies!
The orc warrior hits your orc with a +0 war axe!
Your orc dies!
You barely miss the orc warrior.
The orc warrior is almost dead.
Your orc closely misses the orc warrior.
You barely miss the orc warrior.
The orc warrior is almost dead.
The orc knight hits you from afar with a +0 halberd!
The orc warrior hits you with a +0 war axe.
Unknown command.
You closely miss the orc warrior.
The orc warrior is almost dead.
Your orc closely misses the orc warrior.
The orc knight barely misses you. The orc warrior closely misses you.
You hit the orc warrior but do no damage.
You drain the orc warrior.
You kill the orc warrior!
Beogh accepts your kill.
Your orc looks more experienced.
Your orc hits the orc knight but does no damage.
The orc knight hits you from afar with a +0 halberd.
You feel very mighty all of a sudden.
Your orc hits the orc knight from afar with a +0 spear.
The orc knight hits you from afar with a +0 halberd!!
* * * LOW HITPOINT WARNING * * *
You feel yourself speed up.
Your orc closely misses the orc knight.
The orc knight hits you from afar with a +0 halberd!
You die...
Beogh appreciates the orc knight's killing of a heretic priest.

####### #######
##....)#########.....##
#..))...#.....#.......+
#..##)..'.....'.)#..).+
'..8....'.!!..'.@.o.).+
#..##...'.....'.o#)...+
#.......#.....#.....).+
##....)#########.....##
####### #######


You could see an orc knight (ally target) and a friendly orc.

Vanquished Creatures
  A troll (D:6)
  3 water moccasins
  2 orc warriors
  3 ice beasts
  A phantom (D:6)
  3 ogres
  2 centaurs (D:6)
  3 necrophages
  4 bullfrogs
  2 scorpions
  5 killer bees (D:7)
  A howler monkey (D:4)
  5 hounds
  4 jellies
  A gnoll bouda (D:6)
  5 orc priests
  6 iguanas
  8 orc wizards
  Natasha (thrice) (D:2)
  4 gnolls (D:6)
  10 adders
  9 river rats
  A white imp (D:7)
  2 ufetubi (D:6)
  A worm (D:3)
  2 dart slugs
  35 orcs
  10 ball pythons
  11 bats
  4 endoplasms
  5 giant cockroaches
  4 goblins
  10 hobgoblins
  11 jackals
  5 kobolds
  7 quokkas
  9 frilled lizards
  10 rats
212 creatures vanquished.

Vanquished Creatures (collateral kills)
  Pikel (D:8)
  A hound (D:7)
  An iguana (D:7)
  6 orcs (Bailey)
  A kobold (D:8)
10 creatures vanquished.

Vanquished Creatures (others)
  12 orcs (Bailey)
  A kobold (D:3)
13 creatures vanquished.

Grand Total: 235 creatures vanquished

Notes
Turn   | Place    | Note
-------+----------+-------------------------------------------
     0 | D:1      | drpainis the Hill Orc Fighter began the quest for the Orb.
     0 | D:1      | Reached XP level 1. HP: 19/19 MP: 1/1
   369 | D:1      | Reached skill level 3 in Axes
   369 | D:1      | Reached XP level 2. HP: 27/27 MP: 2/2
   972 | D:1      | Reached XP level 3. HP: 33/33 MP: 3/3
  1137 | D:2      | Noticed Natasha
  1150 | D:2      | Killed Natasha
  1264 | D:2      | Noticed Natasha
  1275 | D:2      | Killed Natasha
  1276 | D:2      | Reached skill level 4 in Axes
  1276 | D:2      | Reached XP level 4. HP: 20/40 MP: 4/4
  1281 | D:2      | Noticed Natasha
  1286 | D:2      | Killed Natasha
  1520 | D:2      | Reached XP level 5. HP: 45/47 MP: 5/5
  1751 | D:2      | Reached skill level 1 in Dodging
  2052 | D:3      | Found a broken altar of Ashenzari.
  2140 | D:3      | Found a sacrificial altar of Ru.
  2179 | D:3      | Reached skill level 5 in Axes
  2296 | D:3      | Found a shimmering altar of Xom.
  2592 | D:3      | Became a worshipper of Beogh the Brigand
  3632 | D:4      | Reached XP level 6. HP: 44/53 MP: 6/6
  3644 | D:4      | Reached skill level 5 in Fighting
  4495 | D:3      | Reached skill level 6 in Axes
  4864 | D:4      | Reached * piety under Beogh
  4892 | D:4      | Noticed a +0 hand axe
  4893 | D:4      | Noticed a +0 hand axe
  4895 | D:4      | Found a hide-covered altar of Uskayaw.
  4947 | D:4      | Reached skill level 1 in Stealth
  4947 | D:4      | Reached XP level 7. HP: 25/61 MP: 7/7
  5544 | D:5      | Entered Level 5 of the Dungeon
  5910 | D:5      | Reached skill level 5 in Armour
  6011 | D:4      | Reached skill level 7 in Axes
  6240 | D:5      | Found an iron altar of Okawaru.
  6271 | D:5      | Reached XP level 8. HP: 45/70 MP: 8/8
  6819 | D:5      | Reached skill level 8 in Axes
  7323 | D:6      | Reached ** piety under Beogh
  7328 | D:6      | Found a glowing drain.
  7356 | Sewer    | Entered a sewer
  7515 | Sewer    | Reached skill level 9 in Axes
  8187 | D:6      | Reached XP level 9. HP: 78/78 MP: 9/9
  8264 | D:6      | Reached skill level 5 in Shields
  8672 | D:6      | Reached skill level 10 in Axes
  9124 | D:6      | Found a staircase to the Ecumenical Temple.
  9333 | D:6      | Found a sparkling altar of Nemelex Xobeh.
  9516 | D:6      | Reached *** piety under Beogh
  9803 | D:6      | Noticed a troll
  9849 | D:6      | Reached skill level 11 in Axes
  9937 | D:6      | Killed a troll
 10903 | D:7      | Reached XP level 10. HP: 86/88 MP: 10/10
 11218 | D:7      | Found an ornate altar of the Wu Jian Council.
 11218 | D:7      | Found a stormy altar of Qazlal.
 11395 | D:8      | Noticed Pikel
 11404 | D:8      | Killed Pikel
 11405 | D:8      | Reached skill level 12 in Axes
 11602 | D:8      | Found a flagged portal.
 11611 | Bailey   | Entered a bailey
 11671 | Bailey   | Noticed an orc knight
 11681 | Bailey   | Mangled by an orc knight

Illustrated notes

Levels and vault maps discovered:
D:1:      minmay_arrival_four_loops, layout_basic
D:2:      layout_rooms, minmay_hexomino_p4, uniq_natasha
D:3:      layout_basic, marbit_many_paths, nicolae_ashenzari_panopticon,
          lemuel_round_altar
D:4:      layout_basic, dancing_weapons_uskayaw, dk_rats_in_the_wall
D:5:      layout_loops_ring, okawaru_trees_2
D:6:      minmay_chambers_of_fours, layout_basic, mainiacjoe_overflow_paths,
          lemuel_temple_firewalk_a, portal_sewer_entry_b
D:7:      layout_loops_ring, gammafunk_temple_overflow_wave,
          corexii_checkpoint_a
D:8:      wander_river, layout_basic, beargit_hepliaklqana_dungeon_heroes,
          yredelemnul_forgotten_temple_becter, enter_bailey_2, uniq_pikel,
          uniq_maggie
Bailey:   bailey_polearm_5, bailey

Skill      XL: |  1  2  3  4  5  6  7  8  9 10 |
---------------+-------------------------------+-----
Axes           | 3 4 5 6 7 9 11 12 | 12.3
Fighting       | 4 5 6 7 8 |  8.0
Dodging        | 1 2 3 |  3.0
Armour         | 4 5 6 7 8 |  8.3
Stealth        | 1 |  1.9
Shields        | 4 5 |  5.4
Evocations     | |  0.2

Action                   |  1- 3 |  4- 6 |  7- 9 | 10-12 || total
-------------------------+-------+-------+-------+-------++-------
Melee: War axe           |    78 |   195 |   359 |    33 ||   665
Invok: Convert to Beogh  |       |     1 |       |       ||     1
Evoke: Wand              |       |       |     3 |       ||     3
  Use: Potion            |       |     1 |     3 |     2 ||     6
       Scroll            |       |     1 |     4 |       ||     5
 Stab: Paralysed         |       |       |     2 |       ||     2
Armor: Scale mail        |    10 |       |       |       ||    10
       Leather armour    |    25 |    45 |       |       ||    70
       Chain mail        |       |    85 |   147 |    11 ||   243
       Ring mail         |       |       |    54 |       ||    54
Dodge: Dodged            |    52 |    85 |   148 |     8 ||   293
Block: Buckler           |    24 |    43 |    88 |     6 ||   161

Table legend: (Time is in decaauts)
 A = Elapsed time spent in this place.
 B = Non-inter-level travel time spent in this place.
 C = Inter-level travel time spent in this place.
 D = Time resting spent in this place.
 E = Time spent auto-exploring this place.
 F = Levels seen in this place.
 G = Mean time per level.
                   A        B        C        D        E       F      G
               +--------+--------+--------+--------+--------+-----+--------+
         Total |  12006 |  11843 |    163 |   3896 |   5146 |  10 | 1200.6 |
       Dungeon |  11023 |  10860 |    163 |   3837 |   4717 |   8 | 1377.9 |
         Sewer |    914 |    914 |      0 |     59 |    428 |   1 |  914.0 |
        Bailey |     69 |     69 |      0 |      0 |      0 |   1 |   69.0 |
               +--------+--------+--------+--------+--------+-----+--------+

Top non-repeatable levels by time:
     D:3: 2460 daAuts
     D:6: 2314 daAuts
     D:4: 1959 daAuts
     D:5: 1301 daAuts
     D:1: 1113 daAuts
   Sewer: 914 daAuts
     D:2: 867 daAuts
     D:7: 759 daAuts
     D:8: 247 daAuts
  Bailey: 69 daAuts
